General information
- name: BNet
- type: Ladder team game (AT/RT)
- host: Battle.net
- saver: TheManWhoLaughs
map: Deathknell
- players: 8
- length: 50:18
- speed: Fast
- version: 1.26 W3XP
- replay type: Public
» download(336 KB)
Players
team 1 (loser)
MASTA_K1LLA (
red | 66 APM | 2389 actions | 36:12)
8 Paladin
1 Holy Light
3 Devotion Aura
3 Divine Shield
1 Resurrection
» actions
| Basic commands | 394 | |
| Build / train | 96 | |
| ESC pressed | 14 | |
| Enter build submenu | 31 | |
| Enter hero's abilities submenu | 8 | |
| Remove unit from queue | 3 | |
| Right click | 1029 | |
| Select / deselect | 737 | |
| Use ability | 77 | |
2389 total
» units
| Peasant | 18 | |
| Footman | 5 | |
| Flying Machine | 24 | |
| Goblin Shredder | 1 | |
| Siege Engine | 8 | |
56 total
» upgrades
| Gunpowder | 3 | |
| Plating | 3 | |
| Lumber Harvesting | 1 | |
| Flak Cannons | 1 | |
| Flying Machine Bombs | 1 | |
| Barrage | 1 | |
10 total
» buildings
| Farm | 12 | |
| Barracks | 2 | |
| Altar of Kings | 1 | |
| Scout Tower | 4 | |
| Arcane Tower | 5 | |
| Lumber Mill | 1 | |
| Blacksmith | 1 | |
| Keep | 1 | |
| Town Hall | 3 | |
| Arcane Vault | 1 | |
| Castle | 1 | |
| Workshop | 4 | |
| Cannon Tower | 2 | |
38 total
» build order
00:21 Farm
01:09 Barracks
01:13 Farm
01:49 Altar of Kings
01:57 Farm
02:05 Scout Tower
02:34 Barracks
02:38 Arcane Tower
02:38 Arcane Tower
02:38 Arcane Tower
03:24 Farm
03:41 Lumber Mill
04:34 Blacksmith
04:42 Keep
05:16 Town Hall
06:02 Arcane Vault
07:18 Castle
07:22 Workshop
08:13 Workshop
09:55 Farm
10:59 Workshop
11:01 Workshop
11:08 Farm
11:57 Farm
12:36 Farm
13:31 Farm
13:48 Farm
13:51 Scout Tower
13:53 Scout Tower
14:08 Scout Tower
14:24 Cannon Tower
14:57 Cannon Tower
22:30 Farm
22:32 Farm
28:53 Town Hall
33:25 Town Hall
» items
| Scroll of Regeneration | 1 | |
| Scroll of Town Portal | 1 | |
| Orb of Fire | 1 | |
| Lesser Clarity Potion | 1 | |
| Potion of Healing | 2 | |
6 total
withintheMatrix (
pink | 53 APM | 1943 actions | 36:27)
6 Tauren Chieftain
2 Shockwave
3 Endurance Aura
1 Reincarnation
6 Shadow Hunter
3 Healing Wave
2 Hex
1 Big Bad Voodoo
» actions
| Assign group hotkey | 45 | |
| Basic commands | 222 | |
| Build / train | 105 | |
| Enter build submenu | 25 | |
| Enter hero's abilities submenu | 12 | |
| Give item / drop item | 2 | |
| Remove unit from queue | 3 | |
| Right click | 453 | |
| Select / deselect | 470 | |
| Select group hotkey | 523 | |
| Use ability | 83 | |
1943 total
» units
| Peon | 19 | |
| Grunt | 3 | |
| Shaman | 9 | |
| Tauren | 11 | |
| Troll Witch Doctor | 6 | |
| Troll Batrider | 7 | |
55 total
» upgrades
| Ranged Weapons | 3 | |
| Shaman Training | 2 | |
| Armor | 3 | |
| Pulverize | 1 | |
| Melee Weapons | 3 | |
| Witch Doctor Training | 2 | |
| Pillage | 1 | |
| Ensnare | 1 | |
| Liquid Fire | 1 | |
| Reinforced Defenses | 1 | |
| Spirit Walker Training | 1 | |
| Envenomed Spears | 1 | |
| War Drums Damage Increase | 1 | |
21 total
» buildings
| Altar of Storms | 1 | |
| Orc Burrow | 6 | |
| Barracks | 1 | |
| Voodoo Lounge | 1 | |
| Stronghold | 1 | |
| War Mill | 2 | |
| Great Hall | 2 | |
| Fortress | 1 | |
| Spirit Lodge | 2 | |
| Tauren Totem | 2 | |
| Beastiary | 2 | |
| Watch Tower | 1 | |
22 total
» build order
00:08 Altar of Storms
00:27 Orc Burrow
01:12 Barracks
01:30 Voodoo Lounge
01:48 Orc Burrow
02:52 Stronghold
03:45 War Mill
04:07 Orc Burrow
04:49 Great Hall
06:04 Fortress
06:37 Spirit Lodge
08:31 Tauren Totem
08:34 Tauren Totem
09:52 Orc Burrow
10:43 Spirit Lodge
12:04 Orc Burrow
13:29 Orc Burrow
13:32 Beastiary
14:10 War Mill
18:17 Beastiary
18:21 Watch Tower
24:25 Great Hall
» items
| Healing Salve | 1 | |
| Scroll of Speed | 3 | |
| Orb of Lightning | 2 | |
| Scroll of Town Portal | 4 | |
10 total

»
waterman609 (
yellow | 46 APM | 2301 actions | 50:17)
9 Death Knight
3 Death Coil
3 Unholy Aura
1 Animate Dead
2 Death Pact
» actions
| Basic commands | 7 | |
| Build / train | 76 | |
| Enter build submenu | 50 | |
| Enter hero's abilities submenu | 10 | |
| Right click | 1473 | |
| Select / deselect | 615 | |
| Use ability | 70 | |
2301 total
» units
| Acolyte | 19 | |
| Ghoul | 5 | |
| Crypt Fiend | 17 | |
| Frost Wyrm | 8 | |
49 total
» upgrades
| Creature Attack | 3 | |
| Creature Carapace | 3 | |
| Web | 1 | |
| Freezing Breath | 1 | |
8 total
» buildings
| Ziggurat | 14 | |
| Altar of Darkness | 1 | |
| Crypt | 2 | |
| Graveyard | 1 | |
| Tomb of Relics | 1 | |
| Halls of the Dead | 1 | |
| Nerubian Tower | 2 | |
| Necropolis | 1 | |
| Spirit Tower | 4 | |
| Black Citadel | 1 | |
| Sacrificial Pit | 1 | |
| Boneyard | 2 | |
| Scout Tower | 13 | |
44 total
» build order
00:24 Ziggurat
00:25 Altar of Darkness
00:59 Crypt
01:06 Graveyard
01:22 Ziggurat
02:17 Ziggurat
03:26 Tomb of Relics
04:32 Halls of the Dead
06:41 Ziggurat
06:50 Crypt
06:52 Nerubian Tower
09:36 Necropolis
09:39 Ziggurat
10:40 Spirit Tower
12:36 Black Citadel
13:57 Ziggurat
13:58 Ziggurat
14:17 Sacrificial Pit
15:21 Spirit Tower
15:37 Boneyard
15:52 Boneyard
16:37 Spirit Tower
16:38 Nerubian Tower
16:39 Spirit Tower
18:58 Ziggurat
19:50 Ziggurat
20:38 Ziggurat
28:57 Ziggurat
28:58 Ziggurat
29:01 Ziggurat
29:03 Ziggurat
39:41 Scout Tower
39:42 Scout Tower
39:44 Scout Tower
39:49 Scout Tower
39:52 Scout Tower
39:53 Scout Tower
39:56 Scout Tower
39:57 Scout Tower
39:58 Scout Tower
40:01 Scout Tower
40:03 Scout Tower
40:04 Scout Tower
40:06 Scout Tower
» items
CowardlyDoNuttn (
green | 56 APM | 2769 actions | 49:22)
9 Archmage
3 Summon Water Elemental
3 Brilliance Aura
1 Mass Teleport
2 Blizzard
» actions
| Assign group hotkey | 78 | |
| Basic commands | 498 | |
| Build / train | 94 | |
| Enter build submenu | 58 | |
| Enter hero's abilities submenu | 10 | |
| Give item / drop item | 6 | |
| Remove unit from queue | 5 | |
| Right click | 868 | |
| Select / deselect | 511 | |
| Select group hotkey | 326 | |
| Use ability | 315 | |
2769 total
» units
| Peasant | 12 | |
| Footman | 5 | |
| Goblin Shredder | 2 | |
| Goblin Zeppelin | 1 | |
| Dragonhawk Rider | -2 | |
| Goblin Sapper | 3 | |
| Gryphon Rider | 7 | |
28 total
» upgrades
| Lumber Harvesting | 2 | |
| Masonry | 3 | |
| Swords | 3 | |
| Armor | 3 | |
| Cloud | 1 | |
| Animal War Training | 1 | |
| Storm Hammers | 1 | |
14 total
» buildings
| Altar of Kings | 1 | |
| Barracks | 2 | |
| Farm | 12 | |
| Scout Tower | 32 | |
| Arcane Tower | 1 | |
| Arcane Vault | 2 | |
| Keep | 1 | |
| Lumber Mill | 1 | |
| Town Hall | 2 | |
| Guard Tower | 7 | |
| Castle | 1 | |
| Blacksmith | 2 | |
| Gryphon Aviary | 6 | |
70 total
» build order
00:37 Altar of Kings
00:38 Barracks
00:53 Barracks
00:55 Farm
01:05 Farm
01:06 Farm
01:28 Scout Tower
02:02 Farm
02:13 Arcane Tower
03:22 Arcane Vault
03:39 Keep
04:03 Lumber Mill
04:45 Town Hall
05:02 Scout Tower
05:05 Scout Tower
05:07 Scout Tower
05:11 Scout Tower
05:32 Guard Tower
05:41 Guard Tower
05:42 Arcane Vault
06:04 Guard Tower
07:20 Castle
07:28 Farm
08:09 Scout Tower
08:09 Scout Tower
08:09 Scout Tower
08:10 Scout Tower
08:10 Scout Tower
08:10 Scout Tower
08:12 Scout Tower
08:12 Scout Tower
08:12 Scout Tower
08:13 Scout Tower
08:14 Scout Tower
08:16 Scout Tower
09:12 Blacksmith
09:13 Blacksmith
09:17 Guard Tower
09:50 Guard Tower
10:37 Guard Tower
10:46 Scout Tower
10:46 Scout Tower
10:48 Scout Tower
10:51 Scout Tower
10:51 Scout Tower
10:53 Scout Tower
10:54 Scout Tower
10:54 Scout Tower
14:38 Guard Tower
14:57 Gryphon Aviary
14:57 Gryphon Aviary
14:58 Gryphon Aviary
14:59 Gryphon Aviary
14:59 Gryphon Aviary
15:00 Gryphon Aviary
21:55 Farm
21:55 Farm
21:56 Farm
21:56 Farm
21:56 Farm
21:57 Farm
21:58 Farm
25:49 Town Hall
25:57 Scout Tower
25:57 Scout Tower
25:58 Scout Tower
26:02 Scout Tower
26:03 Scout Tower
26:06 Scout Tower
26:08 Scout Tower
27:52 Guard Tower
» items
| Scroll of Regeneration | 9 | |
| Scroll of Town Portal | 7 | |
| Potion of Healing | 6 | |
| Rod of Necromancy | 1 | |
| Potion of Mana | 1 | |
| Lesser Clarity Potion | 1 | |
25 total
team 2 (winner)
moonfyre (
teal | 82 APM | 1905 actions | 23:09)
5 Keeper of the Grove
1 Force of Nature
3 Entangling Roots
1 Thorns Aura
» actions
| Basic commands | 165 | |
| Build / train | 98 | |
| Enter build submenu | 31 | |
| Enter hero's abilities submenu | 5 | |
| Remove unit from queue | 2 | |
| Right click | 955 | |
| Select / deselect | 533 | |
| Use ability | 116 | |
1905 total
» units
| Wisp | 27 | |
| Archer | 12 | |
| Dryad | 4 | |
| Druid of the Talon | 1 | |
| Mountain Giant | 15 | |
59 total
» upgrades
| Strength of the Wild | 3 | |
| Abolish Magic | 1 | |
| Druid of the Talon Training | 1 | |
| Reinforced Hides | 3 | |
| Resistant Skin | 1 | |
| Hardened Skin | 1 | |
| Nature's Blessing | 1 | |
| Backpack | 1 | |
12 total
» buildings
| Altar of Elders | 1 | |
| Moon Well | 8 | |
| Ancient of War | 1 | |
| Hunter's Hall | 1 | |
| Tree of Ages | 2 | |
| Tree of Life | 3 | |
| Ancient of Lore | 2 | |
| Ancient of Wind | 1 | |
| Ancient of Wonders | 1 | |
| Tree of Eternity | 4 | |
| Ancient Protector | 11 | |
35 total
» build order
00:09 Altar of Elders
00:11 Moon Well
00:45 Ancient of War
01:39 Moon Well
02:38 Hunter's Hall
03:18 Tree of Ages
03:18 Tree of Ages
03:39 Moon Well
05:39 Tree of Life
06:07 Ancient of Lore
06:48 Ancient of Wind
07:19 Ancient of Lore
07:26 Moon Well
07:56 Ancient of Wonders
08:44 Tree of Eternity
08:44 Tree of Eternity
08:45 Tree of Eternity
09:04 Ancient Protector
09:26 Moon Well
09:29 Moon Well
13:20 Ancient Protector
13:24 Ancient Protector
13:29 Ancient Protector
15:16 Moon Well
15:19 Moon Well
16:04 Ancient Protector
16:06 Ancient Protector
16:08 Ancient Protector
16:11 Ancient Protector
17:03 Ancient Protector
17:10 Ancient Protector
18:43 Tree of Life
20:15 Tree of Life
23:00 Ancient Protector
» items

»
bloodofwar- (
purple | 41 APM | 895 actions | 21:40)
6 Death Knight
2 Death Coil
2 Unholy Aura
1 Death Pact
1 Animate Dead
» actions
| Assign group hotkey | 17 | |
| Basic commands | 3 | |
| Build / train | 54 | |
| Enter build submenu | 15 | |
| Enter hero's abilities submenu | 6 | |
| Remove unit from queue | 3 | |
| Right click | 340 | |
| Select / deselect | 259 | |
| Select group hotkey | 158 | |
| Use ability | 40 | |
895 total
» units
| Acolyte | 11 | |
| Ghoul | 5 | |
| Crypt Fiend | 7 | |
| Frost Wyrm | 6 | |
29 total
» upgrades
| Creature Carapace | 3 | |
| Creature Attack | 3 | |
| Web | 1 | |
| Ghoul Frenzy | 1 | |
| Freezing Breath | 1 | |
9 total
» buildings
| Crypt | 1 | |
| Graveyard | 1 | |
| Ziggurat | 9 | |
| Altar of Darkness | 1 | |
| Nerubian Tower | 1 | |
| Halls of the Dead | 1 | |
| Black Citadel | 1 | |
| Sacrificial Pit | 1 | |
| Boneyard | 2 | |
| Spirit Tower | 1 | |
| Tomb of Relics | 1 | |
20 total
» build order
00:16 Crypt
00:23 Graveyard
00:42 Ziggurat
00:58 Altar of Darkness
01:31 Ziggurat
01:34 Nerubian Tower
02:57 Ziggurat
03:50 Halls of the Dead
05:04 Ziggurat
07:41 Black Citadel
07:51 Sacrificial Pit
08:14 Ziggurat
09:35 Ziggurat
09:38 Ziggurat
09:40 Ziggurat
09:42 Ziggurat
10:04 Boneyard
10:05 Boneyard
13:28 Spirit Tower
19:57 Tomb of Relics
» items
| Scroll of Town Portal | 1 | |
| Scroll of Regeneration | 1 | |
2 total
TheManWhoLaughs (
orange | 109 APM | 5499 actions | 50:18)
7 Archmage
3 Summon Water Elemental
3 Brilliance Aura
1 Mass Teleport
6 Mountain King
3 Storm Bolt
3 Bash
2 Keeper of the Grove
1 Tranquility
1 Thorns Aura
» actions
| Assign group hotkey | 122 | |
| Basic commands | 137 | |
| Build / train | 232 | |
| ESC pressed | 12 | |
| Enter build submenu | 115 | |
| Enter hero's abilities submenu | 16 | |
| Give item / drop item | 12 | |
| Right click | 1853 | |
| Select / deselect | 824 | |
| Select group hotkey | 1715 | |
| Use ability | 461 | |
5499 total
» units
| Peasant | 38 | |
| Footman | 14 | |
| Goblin Shredder | 3 | |
| Goblin Zeppelin | 3 | |
| Gryphon Rider | 6 | |
| Mortar Team | 1 | |
| Siege Engine | 1 | |
| Dragonhawk Rider | 4 | |
| Wisp | 4 | |
74 total
» upgrades
| Masonry | 3 | |
| Defend | 1 | |
| Swords | 3 | |
| Lumber Harvesting | 2 | |
| Armor | 3 | |
| Storm Hammers | 1 | |
| Cloud | 1 | |
| Animal War Training | 1 | |
| Backpack | 1 | |
| Barrage | 1 | |
| Flak Cannons | 1 | |
| Flying Machine Bombs | 1 | |
| Gunpowder | 3 | |
| Plating | 3 | |
| Long Rifles | 1 | |
| Sorceress Training | 2 | |
| Magic Sentry | 1 | |
| Priest Training | 1 | |
| Control Magic | 1 | |
31 total
» buildings
| Altar of Kings | 2 | |
| Barracks | 1 | |
| Farm | 19 | |
| Town Hall | 4 | |
| Arcane Vault | 2 | |
| Lumber Mill | 3 | |
| Keep | 7 | |
| Scout Tower | 42 | |
| Blacksmith | 2 | |
| Guard Tower | 48 | |
| Castle | 7 | |
| Gryphon Aviary | 6 | |
| Workshop | 3 | |
| Tree of Life | 2 | |
| Arcane Tower | 5 | |
| Altar of Elders | 1 | |
| Moon Well | 5 | |
| Hunter's Hall | 1 | |
| Tree of Ages | 5 | |
| Arcane Sanctum | 1 | |
| Ancient of Wind | 4 | |
170 total
» build order
00:15 Altar of Kings
00:18 Barracks
00:22 Farm
01:00 Farm
01:39 Farm
02:27 Farm
03:31 Town Hall
03:57 Arcane Vault
05:12 Lumber Mill
05:14 Lumber Mill
06:21 Keep
06:21 Keep
06:41 Farm
07:11 Scout Tower
07:12 Scout Tower
07:18 Scout Tower
07:19 Scout Tower
07:20 Scout Tower
07:20 Scout Tower
07:21 Scout Tower
07:23 Scout Tower
07:36 Blacksmith
07:41 Guard Tower
07:41 Guard Tower
07:46 Guard Tower
07:46 Guard Tower
07:47 Guard Tower
07:52 Guard Tower
07:53 Guard Tower
08:56 Castle
08:56 Castle
09:11 Farm
09:53 Gryphon Aviary
09:54 Gryphon Aviary
09:55 Gryphon Aviary
10:02 Gryphon Aviary
10:07 Farm
10:16 Farm
10:50 Scout Tower
10:51 Scout Tower
10:52 Scout Tower
10:56 Scout Tower
10:59 Scout Tower
11:50 Farm
11:53 Farm
13:28 Scout Tower
13:29 Scout Tower
13:30 Scout Tower
13:32 Scout Tower
13:35 Scout Tower
13:44 Scout Tower
13:53 Scout Tower
13:53 Scout Tower
13:55 Scout Tower
13:56 Scout Tower
13:58 Scout Tower
14:00 Guard Tower
14:00 Guard Tower
14:01 Guard Tower
14:08 Guard Tower
14:08 Guard Tower
14:11 Guard Tower
14:11 Guard Tower
14:12 Guard Tower
14:28 Guard Tower
14:28 Guard Tower
14:42 Guard Tower
15:20 Workshop
15:21 Workshop
15:22 Workshop
20:01 Farm
20:47 Town Hall
20:50 Scout Tower
20:51 Scout Tower
20:52 Scout Tower
20:54 Scout Tower
21:19 Guard Tower
21:19 Guard Tower
21:19 Guard Tower
21:30 Guard Tower
21:30 Guard Tower
21:31 Guard Tower
22:05 Scout Tower
22:07 Scout Tower
22:08 Scout Tower
22:09 Scout Tower
22:11 Scout Tower
22:15 Scout Tower
22:42 Guard Tower
22:42 Guard Tower
22:43 Guard Tower
22:44 Scout Tower
22:45 Scout Tower
22:47 Scout Tower
22:49 Scout Tower
22:51 Scout Tower
22:53 Scout Tower
23:29 Guard Tower
23:46 Guard Tower
23:46 Guard Tower
29:37 Altar of Kings
31:21 Town Hall
32:24 Keep
32:24 Keep
32:25 Keep
32:58 Arcane Vault
33:03 Scout Tower
33:08 Scout Tower
33:16 Tree of Life
33:22 Tree of Life
34:08 Arcane Tower
34:08 Arcane Tower
34:09 Arcane Tower
34:09 Arcane Tower
34:10 Arcane Tower
35:14 Castle
35:14 Castle
37:00 Altar of Elders
37:47 Moon Well
38:16 Moon Well
38:20 Moon Well
40:30 Hunter's Hall
40:33 Tree of Ages
40:33 Tree of Ages
40:33 Tree of Ages
41:20 Moon Well
44:05 Town Hall
44:38 Farm
46:12 Blacksmith
46:27 Lumber Mill
46:52 Arcane Sanctum
46:56 Gryphon Aviary
46:57 Gryphon Aviary
47:32 Farm
47:33 Farm
47:35 Farm
48:14 Farm
48:19 Farm
48:24 Farm
48:29 Farm
49:16 Ancient of Wind
49:17 Ancient of Wind
49:18 Ancient of Wind
49:21 Moon Well
49:25 Ancient of Wind
» items
| Scroll of Regeneration | 6 | |
| Orb of Fire | 2 | |
| Staff of Sanctuary | 2 | |
| Scroll of Town Portal | 4 | |
| Potion of Healing | 3 | |
17 total
feeder11 (
blue | 103 APM | 2254 actions | 21:49)
4 Demon Hunter
1 Immolation
2 Evasion
1 Mana Burn
2 Firelord
1 Summon Lava Spawn
1 Soul Burn
» actions
| Assign group hotkey | 33 | |
| Basic commands | 78 | |
| Build / train | 63 | |
| ESC pressed | 2 | |
| Enter build submenu | 20 | |
| Enter hero's abilities submenu | 9 | |
| Right click | 1319 | |
| Select / deselect | 296 | |
| Select group hotkey | 387 | |
| Use ability | 47 | |
2254 total
» units
» upgrades
| Strength of the Moon | 2 | |
| Moon Armor | 2 | |
| Sentinel | 1 | |
| Improved Bows | 1 | |
| Strength of the Wild | 1 | |
| Marksmanship | 1 | |
8 total
» buildings
| Altar of Elders | 1 | |
| Moon Well | 5 | |
| Ancient of War | 2 | |
| Hunter's Hall | 1 | |
| Ancient of Wonders | 1 | |
| Tree of Ages | 1 | |
| Ancient Protector | 1 | |
| Tree of Life | 2 | |
| Tree of Eternity | 1 | |
| Ancient of Wind | 1 | |
| Chimaera Roost | 1 | |
17 total
» build order
00:14 Altar of Elders
00:26 Moon Well
00:59 Ancient of War
02:06 Hunter's Hall
02:15 Moon Well
02:42 Ancient of Wonders
03:04 Moon Well
03:59 Ancient of War
06:03 Tree of Ages
07:18 Moon Well
07:21 Moon Well
08:19 Ancient Protector
09:11 Tree of Life
13:21 Tree of Eternity
13:43 Ancient of Wind
19:02 Chimaera Roost
19:59 Tree of Life
» items
| Scroll of Town Portal | 2 | |
| Orb of Venom | 1 | |
3 total
Chat log
(00:29 / Allies) bloodofwar-: fiends wyrms dk
(00:51 / Allies) moonfyre: dots dry
(01:28 / Allies) bloodofwar-: ty
(03:04 / Allies) TheManWhoLaughs: go away
(03:05 / Allies) TheManWhoLaughs: I got this
(03:12 / Allies) TheManWhoLaughs: ty
(07:24 / Allies) moonfyre: lumber pls
(10:53 / Allies) bloodofwar-: they know we coming
(12:08 / All) TheManWhoLaughs: This is why I never go dual/tri hero in 4v4
(12:11 / All) TheManWhoLaughs: hero focusing faggot
(14:28 / Allies) bloodofwar-: kill this
(15:08 / Allies) moonfyre: b
(15:40 / Allies) bloodofwar-: he is base killing
(15:52 / All) TheManWhoLaughs: gay map and I played awful this game
(19:32 / Allies) bloodofwar-: kesus
(19:33 / Allies) bloodofwar-: jesus
(20:41 / Allies) TheManWhoLaughs: wtf
(20:43 / Allies) TheManWhoLaughs: I was taking that
(20:50 / Allies) moonfyre: i dont have an expo
(20:51 / Allies) moonfyre: pussy
(21:02 / All) TheManWhoLaughs: Blue is taking my expo
(21:03 / All) TheManWhoLaughs: what a faggot
(21:14 / All) MASTA_K1LLA: lol
(21:14 / Allies) moonfyre: youre horrible
(21:28 / All) TheManWhoLaughs: actually that was teal I'm not paying attention at all
(21:46 / All) CowardlyDoNuttn: lol
(21:53 / All) TheManWhoLaughs: I must be secretly high this game or something I have no idea wtf I'm doing
(21:55 / All) waterman609: gg
(22:00 / All) TheManWhoLaughs: Not over yet nigger
(22:21 / All) MASTA_K1LLA: choo choo
(23:03 / All) waterman609: hello
(23:12 / All) TheManWhoLaughs: sup
(23:21 / All) waterman609: run run
(23:33 / All) TheManWhoLaughs: Don't get so cocky
(23:46 / All) MASTA_K1LLA: tanks for playing
(29:06 / All) TheManWhoLaughs: lawl I fucked that tp
(30:11 / All) TheManWhoLaughs: i really have no idea wtf I was doing this game
(30:14 / All) TheManWhoLaughs: I plaeyd so badly
(34:23 / All) CowardlyDoNuttn: this game was rigged from the start, dig?
(34:30 / All) TheManWhoLaughs: Yes it was
(34:33 / All) TheManWhoLaughs: told you it wasn't over
(34:35 / All) withintheMatrix: LOL
(34:37 / All) withintheMatrix: these fools
(34:40 / All) TheManWhoLaughs: I played terrible this game he shouldn't have had to cut it this close
(34:40 / All) withintheMatrix: were friends
(34:42 / All) withintheMatrix: to begin with
(34:44 / All) TheManWhoLaughs: o well still a successful stab
(34:45 / All) waterman609: dont get it why this fucker green
(34:56 / All) withintheMatrix: ciz green is oj friend u dumb wit
(35:07 / All) withintheMatrix: these two wiggas
(35:10 / All) withintheMatrix: doing it small
(35:12 / All) withintheMatrix: scrub wiggas
(35:18 / All) waterman609: why dont u play as a team then u fuckers
(35:22 / All) TheManWhoLaughs: You are 23-25 now
(35:23 / All) TheManWhoLaughs: We are lol
(35:26 / All) TheManWhoLaughs: just on the opposite teams
(35:27 / All) withintheMatrix: cuz they suck
(35:47 / All) withintheMatrix: this is the only way they can help win each other
(35:57 / All) TheManWhoLaughs: We are 0-0 it is not about the wins
(36:01 / All) TheManWhoLaughs: It's about making kids on ladder rage
(36:37 / All) waterman609: so guys
(36:41 / All) waterman609: who do u want to win
(36:47 / All) TheManWhoLaughs: Your team has a player left
(36:48 / All) CowardlyDoNuttn: anybody but you
(36:49 / All) TheManWhoLaughs: It gets the loss
(37:11 / All) CowardlyDoNuttn: Yellow if you leave we'll let his side get the loss
(37:14 / All) CowardlyDoNuttn: and you'll get a tie
(37:21 / All) CowardlyDoNuttn: it'll be like this game never happened for you
(37:26 / All) waterman609: Sure.
(37:38 / All) CowardlyDoNuttn: If you stay you have to get a loss on your recorad
(37:44 / All) waterman609: cool
(37:47 / All) waterman609: im be afk
(37:51 / All) waterman609: enjoy w.e this is
(38:08 / All) CowardlyDoNuttn: have it your way
(38:13 / All) waterman609: so green want the loss?
(38:23 / All) TheManWhoLaughs: We are 0-0 you fool
(38:36 / All) waterman609: and?
(38:40 / All) waterman609: now 1 will be 1
(38:44 / All) waterman609: other will be 0
(38:47 / All) TheManWhoLaughs: We do not care about our records
(38:50 / All) TheManWhoLaughs: We are on new accounts
(38:53 / All) TheManWhoLaughs: we won't reuse them
(38:59 / All) TheManWhoLaughs: You will be a 7-8 sub-50% trash
(39:02 / All) waterman609: so why troll like this?
(39:14 / All) TheManWhoLaughs: for the lulz, for the schadenfreude, the skadeglädje
(41:28 / All) waterman609: neither do i care abt stats btw
(41:36 / All) TheManWhoLaughs: you would have left then for the loss
(41:38 / All) TheManWhoLaughs: and queued another game
(41:56 / All) waterman609: you see im not wasting time
(41:57 / All) waterman609: u are
(41:58 / All) waterman609: rofl
(42:09 / All) TheManWhoLaughs: Are you having as much fun as I am "wasting time"?
(42:19 / All) waterman609: more fun
(42:23 / All) waterman609: got a girl in here
(42:25 / All) waterman609: blowing me
(42:30 / All) TheManWhoLaughs: lol
(42:44 / All) waterman609: so yeah much more fun than u think
(42:47 / All) TheManWhoLaughs: Is she giving you pity sex after seeing how unintelligent you are based off of your typing?
(42:56 / All) TheManWhoLaughs: also how long until you get charged for molesting a minor?
(43:06 / All) waterman609: NIl
(43:24 / All) TheManWhoLaughs: English motherfucker talar du engelska?
(44:03 / All) CowardlyDoNuttn: Did you enjoy yourself, yellow?
(44:10 / All) waterman609: hel yeah
(44:10 / All) TheManWhoLaughs: He is getting a blowjob from his little sister
(44:14 / All) TheManWhoLaughs: He is having a good time
(44:18 / All) TheManWhoLaughs: wonder how much he had to pay her
(44:32 / All) CowardlyDoNuttn: You like being backstabbed?
(44:35 / All) waterman609: your sis blowing me
(44:50 / All) TheManWhoLaughs: I don't have a sis. He is a post-op
(44:58 / All) waterman609: well let it
(45:00 / All) waterman609: like i care
(45:05 / All) TheManWhoLaughs: You're gay?
(45:11 / All) waterman609: im just playing for fun noobs
(45:20 / All) TheManWhoLaughs: this is fun for you?
(45:28 / All) waterman609: yeah
(45:34 / All) waterman609: looking at 2 noobs
(45:36 / All) waterman609: trolling around
(45:39 / All) waterman609: like dickheads
(45:43 / All) waterman609: mofos
(45:46 / All) waterman609: cunt whores
(45:47 / All) waterman609: :)
(45:50 / All) waterman609: loving it
(46:05 / All) TheManWhoLaughs: I am deeply offended by your original insults. I've never heard any of those before while backstabbing in 4v4 RT on WC3: The
(46:06 / All) TheManWhoLaughs: Frozen Throne
(46:07 / All) waterman609: you cant test my patience bras
(46:28 / All) waterman609: i got endless pateince rofl
(46:37 / All) waterman609: troll arouind more
(46:45 / All) TheManWhoLaughs: We'll see about that
(49:38 / All) TheManWhoLaughs: You there bro? Now you can get the win!
(49:47 / All) TheManWhoLaughs: If you can take your hands off your dick
(50:01 / All) TheManWhoLaughs: You there?